 Dungeon Crawl Stone Soup version 0.30-a0-949-g53dc5368d7 (webtiles) character file.

Game seed: 14248187494319814606

51824 Jackthecabe the Destroyer (level 13, -3/102 HPs)
             Began as a Demigod Ice Elementalist on Mar 28, 2023.
             Killed from afar by a manticore (17 damage)
             ... with a volley of spikes
             ... on level 5 of the Lair of Beasts.
             The game lasted 01:00:33 (20789 turns).

Jackthecabe the Destroyer (DgIE)                   Turns: 20789, Time: 01:00:39

Health: -3/102     AC: 21    Str:  9    XL:     13   Next: 91%
Magic:  3/24       EV: 11    Int: 36    God:
Gold:   1764       SH:  0    Dex: 14    Spells: 8/22 levels left

rFire   . . .      SeeInvis +    y - staff of earth "Quobyr" {Int+3 SInv, !a}
rCold   + + .      Faith    .    (no shield)
rNeg    . . .      Spirit   .    h - +2 leather armour {rC+}
rPois   .          Reflect  .    H - +0 mask of the Dragon {Will+ Slay+3 SInv}
rElec   .          Rampage  .    X - +2 cloak of Hubris {Fly rC+}
rCorr   .                        w - +0 pair of gloves
Will    ++...                    k - +0 pair of boots
Stlth   ++                       V - amulet of magic regeneration
HPRegen 0.37/turn                T - +4 ring of protection
MPRegen 0.59/turn                t - +4 ring of protection

@: spiked, freezing walls, attractive, flying, hasted, very quick
A: high MP 1, forlorn, divine attributes
a: no special abilities


You were on level 5 of the Lair of Beasts.
You visited 2 branches of the dungeon, and saw 16 of its levels.
You also visited: Ossuary and Bailey.

You collected 1764 gold pieces.


Innate Abilities, Weirdness & Mutations

You have an increased reservoir of magic. (+10% MP)
You shall have no god before yourself.
Your divine heritage dramatically boosts your attributes as you level up.


   Skills:
 - Level 6.0 Fighting
 - Level 11.0 Armour
 - Level 1.7 Dodging
 - Level 1.7 Stealth
 - Level 5.0 Spellcasting
 + Level 11.9 Conjurations
 - Level 4.0 Fire Magic
 - Level 8.0 Ice Magic
 + Level 11.9 Earth Magic
 - Level 4.0 Evocations


You had 8 spell levels left.
You knew the following spells:

 Your Spells              Type           Power      Damage    Failure   Level
f - Freeze                Ice            100%       1d10      1%          1
r - Frozen Ramparts       Ice            100%       1d16      1%          3
s - Iron Shot             Conj/Erth      48%        9d9       6%          6
y - Sticky Flame          Conj/Fire      60%        2d8       1%          4

Your spell library contained the following spells:

 Spells                   Type           Power      Damage    Failure   Level
 Scorch                   Fire           74%        2d9       1%          2
 Ozocubu's Armour         Ice            61%        N/A       1%          3
 Flame Wave               Conj/Fire      60%        2d14      1%          4
 Apportation              Tloc           18%        N/A       4%          1
 Animate Armour           Summ/Erth      100%       N/A       4%          4
 Inner Flame              Hex/Fire       23%        N/A       6%          3
 Ice Form                 Ice/Tmut       37%        N/A       10%         4
 Summon Ice Beast         Ice/Summ       37%        N/A       10%         4
 Portal Projectile        Hex/Tloc       18%        N/A       14%         3
 Tukima's Dance           Hex            9%         N/A       14%         3
 Alistair's Intoxication  Tmut/Pois      6%         N/A       80%         5
 Blade Hands              Tmut           4%         N/A       80%         5
 Summon Cactus Giant      Summ           4%         N/A       100%        6

Inventory:

Missiles
 L - 3 throwing nets {=f}
Armour
 h - a +2 leather armour of cold resistance (worn)
 k - a +0 pair of boots (worn)
 r - a +0 buckler
 w - a +0 pair of gloves (worn)
 H - the +0 mask of the Dragon (worn) {Will+ Slay+3 SInv}
   (You found it in a bailey)

   Slay:      It affects your accuracy & damage with ranged weapons and melee
   (+3).
   SInv:      It lets you see invisible.
   Will:      It increases your willpower.
 X - the +2 cloak of Hubris (worn) {Fly rC+}
   (You found it on level 3 of the Lair of Beasts)

   rC:        It protects you from cold.
   Fly:       It grants you flight.
Magical Staves
 m - a staff of conjuration {!a}
 y - the staff of earth "Quobyr" (weapon) {Int+3 SInv, !a}
   (You found it on level 7 of the Dungeon)

   [staff of earth]

   Base accuracy: +5 Base damage: 5 Base attack delay: 1.2 This weapon's minimum
   attack delay (0.6) is reached at skill level 12.
   Int:       It affects your intelligence (+3).
   SInv:      It lets you see invisible.
   It falls into the 'Staves' category.
   It is a one-handed weapon.
Jewellery
 c - a ring of protection from cold
 t - a +4 ring of protection (right hand)
 E - the ring "Vynool" {Fly rElec rPois rF- Int+6}
   (You found it in an ossuary)

   [ring of intelligence]

   Int:       It affects your intelligence (+6).
   rF:        It makes you vulnerable to fire.
   rElec:     It insulates you from electricity.
   rPois:     It protects you from poison.
   Fly:       It grants you flight.
 F - a ring of protection from fire
 M - a ring of magical power
 T - a +4 ring of protection (left hand)
 V - an amulet of magic regeneration (around neck)
Wands
 i - a wand of roots (20)
 p - a wand of light (9)
 x - a wand of mindburst (19)
 z - a wand of charming (20)
 O - a wand of polymorph (2)
 W - a wand of digging (4)
Scrolls
 d - 3 scrolls of summoning
 g - 2 scrolls of silence {unknown}
 n - 16 scrolls of teleportation {@r2}
 u - 2 scrolls of magic mapping
 A - a scroll of poison
 D - 2 scrolls of amnesia
 G - 4 scrolls of torment {unknown}
 J - a scroll of immolation
 K - 2 scrolls of enchant armour {unknown}
 N - 3 scrolls of enchant weapon
 R - 2 scrolls of vulnerability {unknown}
 S - a scroll of identify {@r1}
 U - a scroll of fear {unknown}
Potions
 a - 4 potions of flight
 b - a potion of magic
 e - 9 potions of curing {@q1}
 f - a potion of cancellation {unknown}
 j - 4 potions of resistance
 o - 4 potions of lignification
 q - a potion of experience {unknown}
 s - 2 potions of heal wounds {unknown}
 v - 5 potions of invisibility
 B - 3 potions of haste {@q3}
 C - a potion of berserk rage {unknown}
 I - 5 potions of mutation
 P - 2 potions of attraction
 Y - 3 potions of ambrosia
 Z - a potion of degeneration {unknown}
Miscellaneous
 l - a phantom mirror
 Q - a tin of tremorstones (2/2)

Dungeon Overview and Level Annotations

Branches:
Dungeon (11/15)            Temple (0/1) D:6            Lair (5/5) D:11
 Shoals (0/4) Lair:2       Spider (0/4) Lair:2        Slime (0/5) Lair:4
    Orc (0/2) D:9         Ossuary (visited)          Bailey (visited)

Shops:
D:2 :

Portals:
Abyss: D:6

Annotations:
D:8 exclusions: ice statue and obsidian statue
D:11 exclusion: deep elf pyromancer
Lair:4 Rupert

#...............................
##...............................
#................................
#............######..............
...........#########.............
P.........##.#.P#.###...P........
≈.........###....H.####..........
......#..###...▒.▒..###..........
~......#####....@D..†###.........
P......# ##.....#†....##.........
#......###P....##.$...##.........
#.......##..#####}!)..##.........
........#.......#.?..P##.........
#......##...#...####.###.........
.......##...†...###### ##........
........##..#####..## #........
.....#..##......#...#####........


You could see a seven-headed hydra (burning, slow) and a manticore.


Message History

The seven-headed hydra barely misses you.
The seven-headed hydra closely misses you. x2
Unknown command.
The seven-headed hydra burns!
The wall freezes the manticore.
The manticore flicks its tail.
The volley of spikes hits you but does no damage.
The wall freezes the seven-headed hydra.
The seven-headed hydra bites you.
* * * LOW HITPOINT WARNING * * *
The seven-headed hydra bites you but does no damage.
The seven-headed hydra closely misses you.
The seven-headed hydra bites you!
* * * LOW HITPOINT WARNING * * *
The seven-headed hydra bites you.
* * * LOW HITPOINT WARNING * * *
The seven-headed hydra bites you but does no damage. x2
It was a potion of haste.
You feel yourself speed up.
The seven-headed hydra burns!
The wall freezes the manticore.
The manticore flicks its tail.
The volley of spikes hits you!
The barbed spikes become lodged in your body.
* * * LOW HITPOINT WARNING * * *
It was a potion of attraction.
You feel attractive to monsters.
The seven-headed hydra burns!
The wall freezes the manticore but does no damage.
The manticore flicks its tail.
The volley of spikes hits you!
The barbed spikes become lodged in your body.
You die...

Skill      XL: |  1  2  3  4  5  6  7  8  9 10 11 12 13 |
---------------+----------------------------------------+-----
Ice Magic      | 4 5 6 8 |  8.0
Spellcasting   | 2 3 4 5 |  5.0
Fire Magic     | 2 4 |  4.0
Conjurations   | 4 5 7 8 10 11 | 11.9
Fighting       | 4 6 |  6.0
Evocations     | 1 2 4 |  4.0
Earth Magic    | 4 8 10 11 | 11.9
Armour         | 7 11 | 11.0
Dodging        | |  1.7
Stealth        | |  1.7

Action                     |  1- 3 |  4- 6 |  7- 9 | 10-12 | 13-15 || total
---------------------------+-------+-------+-------+-------+-------++-------
  Melee: Unarmed           |    13 |    50 |    42 |       |       ||   105
         Punch             |       |       |     4 |       |       ||     4
         Staff             |       |       |    78 |    64 |    40 ||   182
   Cast: Freeze            |    61 |    66 |   137 |   289 |    38 ||   591
         Frozen Ramparts   |       |     9 |    23 |    64 |    15 ||   111
         Sticky Flame      |       |       |    15 |    26 |     5 ||    46
         Iron Shot         |       |       |       |    28 |    83 ||   111
  Evoke: Wand              |       |       |    15 |     6 |       ||    21
    Use: Potion            |       |     6 |       |     1 |     2 ||     9
         Scroll            |       |     3 |     5 |    10 |       ||    18
   Stab: Sleeping          |       |     1 |       |       |       ||     1
 Armour: Robe              |     8 |       |       |       |       ||     8
         Leather armour    |     2 |    49 |   211 |   245 |    82 ||   589
         Skin              |       |    32 |       |       |       ||    32
  Dodge: Dodged            |    29 |    45 |   243 |   196 |    70 ||   583
  Block: Other             |     3 |    20 |    77 |    80 |       ||   180
         Reflection        |       |       |     1 |     4 |       ||     5

Levels and vault maps discovered:
D:1:      tarquinn_simple_flora_water_a, layout_basic,
          chequers_serial_rivers_micro_b, wad_floor_pattern_2
D:2:      layout_basic, serial_glass, glass_columns_b, glass_columns_c,
          nicolae_shop_vocational, uniq_natasha
D:3:      layout_rooms, trog_butcher_becter, lemuel_doored_altar,
          kennysheep_generic_room_2
D:4:      layout_loops_ring, gammafunk_temple_overflow_pools,
          lemuel_coloured_pillars_altar, jmf_multi_god_temple2
D:5:      layout_layer_cave
D:6:      layout_rooms, minmay_temple_entry_glass,
          amcnicky_altar_lugonu_corruption, uniq_duvessa, uniq_sigmund,
          uniq_maggie, uniq_menkaure
D:7:      layout_basic, good_gods_mini_temple, amcnicky_altar_gilded,
          nzn_wu_jian_council_hall
D:8:      minmay_separated_statues, layout_cave_pods,
          nicolae_hepliaklqana_monster_ancestors, nicolae_ossuary_entry_plus,
          enter_bailey_3
D:9:      layout_basic, kennysheep_little_box, david_orc_4, uniq_joseph
D:10:     layout_loops_ring, nicolae_uskayaw_dance_studio,
          mainiacjoe_overflow_six_doors_small, special_room [special_room_orc],
          grunt_ministairs_11
D:11:     layout_irregular_city, lair_entry_dummy
Lair:1:   layout_cave_pods, cheibrodos_lair_lostbears
Lair:2:   nzn_winding_woodlands_medium [nzn_winding_woodlands_5x5_perimeter,
          nzn_winding_woodlands_5x15_parted,
          nzn_winding_woodlands_5x5_checkerboard,
          nzn_winding_woodlands_5x5_cross,
          nzn_winding_woodlands_center_diamonds,
          nzn_winding_woodlands_5x5_three,
          nzn_winding_woodlands_5x5_closed_star,
          nzn_winding_woodlands_5x15_garden, nzn_winding_woodlands_5x5_default],
          layout_long_grid, elwin_shoals_entry_stream,
          spider_nest_entry_funnel_web, beast_lair_carwin_2
Lair:3:   layout_roguey, grunt_megastairs_1, uniq_gastronok
Lair:4:   layout_gridlike, dpeg_slime_entry_corner, lemuel_fruit_tree,
          grunt_megastairs_5, uniq_rupert
Lair:5:   hangedman_lair_in_review, layout_cave_shapes,
          guppyfry_lair_end_dragon, uniq_urug, uniq_snorg

Notes
Turn   | Place    | Note
-------+----------+-------------------------------------------
     0 | D:1      | Jackthecabe the Demigod Ice Elementalist began the quest
                  | for the Orb.
     0 | D:1      | Reached XP level 1. HP: 14/14 MP: 5/5
   161 | D:1      | Reached skill level 4 in Ice Magic
   222 | D:1      | Reached XP level 2. HP: 18/20 MP: 4/7
  1095 | D:2      | Found Zusk's Vocational Training.
  1107 | D:2      | Reached XP level 3. HP: 25/26 MP: 2/8
  1221 | D:2      | Learned a level 3 spell: Frozen Ramparts
  1447 | D:2      | Noticed Natasha
  1453 | D:2      | Killed Natasha
  1454 | D:2      | Reached skill level 5 in Ice Magic
  1465 | D:2      | Noticed Natasha
  1476 | D:2      | Killed Natasha
  1477 | D:2      | Reached XP level 4. HP: 24/33 MP: 2/9
  1663 | D:2      | Noticed Natasha
  1861 | D:2      | Killed Natasha
  2205 | D:3      | Reached skill level 6 in Ice Magic
  2314 | D:3      | Reached XP level 5. HP: 38/38 MP: 8/10
  2969 | D:4      | Found a large runed translucent door.
  2969 | D:4      | Found a large runed translucent door.
  3914 | D:5      | Entered Level 5 of the Dungeon
  4183 | D:5      | Reached XP level 6. HP: 45/45 MP: 4/11
  4242 | D:5      | Noticed a vampire
  4303 | D:5      | Reached skill level 7 in Ice Magic
  4482 | D:6      | Noticed a hornet
  4486 | D:6      | Paralysed by a hornet for 2 turns
  4488 | D:6      | Killed a hornet
  4489 | D:6      | Reached skill level 8 in Ice Magic
  4489 | D:6      | Reached skill level 2 in Spellcasting
  4489 | D:6      | Reached XP level 7. HP: 42/50 MP: 5/13
  4550 | D:6      | Learned a level 4 spell: Sticky Flame
  4659 | D:6      | Found a staircase to the Ecumenical Temple.
  4667 | D:6      | Noticed Sigmund
  4670 | D:6      | Noticed Maggie
  4683 | D:6      | Reached skill level 1 in Fire Magic
  4686 | D:6      | Killed Sigmund
  4687 | D:6      | Reached skill level 1 in Conjurations
  4698 | D:6      | Reached skill level 3 in Spellcasting
  4698 | D:6      | Reached skill level 2 in Conjurations
  4698 | D:6      | Reached skill level 2 in Fire Magic
  4842 | D:6      | Reached skill level 3 in Conjurations
  4847 | D:6      | Reached skill level 4 in Conjurations
  4847 | D:6      | Reached XP level 8. HP: 57/57 MP: 4/15
  4997 | D:6      | Noticed Duvessa
  4998 | D:6      | Noticed Dowan
  5010 | D:6      | Killed Duvessa
  5011 | D:6      | Killed Dowan
  5012 | D:6      | Reached skill level 5 in Conjurations
  5100 | D:6      | Killed Maggie
  5101 | D:6      | Reached skill level 3 in Fire Magic
  5101 | D:6      | Reached skill level 2 in Fighting
  5168 | D:6      | Found a one-way gate to the infinite horrors of the Abyss.
  5549 | D:6      | Reached skill level 3 in Fighting
  5655 | D:6      | Noticed Menkaure
  5683 | D:6      | Killed Menkaure
  5684 | D:6      | Reached skill level 4 in Fighting
  6207 | D:7      | Reached skill level 4 in Fire Magic
  6469 | D:7      | Reached skill level 1 in Evocations
  6469 | D:7      | Reached XP level 9. HP: 71/71 MP: 13/18
  6661 | D:7      | Reached skill level 4 in Spellcasting
  6661 | D:7      | Reached skill level 2 in Evocations
  6668 | D:7      | Learned a level 6 spell: Iron Shot
  6710 | D:7      | Identified the staff of earth "Quobyr" {Int+3 SInv}
  7257 | D:8      | Reached skill level 6 in Conjurations
  7259 | D:8      | Found a sand-covered staircase.
  7273 | Ossuary  | Entered an ossuary
  7475 | Ossuary  | Identified the ring "Vynool" {Fly rElec rPois rF- Int+6}
  7535 | D:8      | Reached skill level 1 in Earth Magic
  7547 | D:8      | Found a flagged portal.
  7562 | Bailey   | Entered a bailey
  7637 | Bailey   | Reached skill level 7 in Conjurations
  7650 | Bailey   | Reached skill level 2 in Earth Magic
  7719 | Bailey   | Noticed an orc knight
  7740 | Bailey   | Killed an orc knight
  7741 | Bailey   | Reached skill level 3 in Earth Magic
  8091 | Bailey   | Found the +0 mask of the Dragon {Will+ Slay+3 SInv}
  8589 | D:8      | Noticed an ice statue
  8776 | D:8      | Reached skill level 4 in Earth Magic
  8776 | D:8      | Reached XP level 10. HP: 58/78 MP: 9/19
  8884 | D:8      | Noticed an obsidian statue
  8996 | D:8      | Reached skill level 8 in Conjurations
  9002 | D:8      | Reached skill level 5 in Earth Magic
  9380 | D:9      | Identified the +8 sling of Wrongful Imprisonment {drain,
                  | rPois}
  9386 | D:9      | Reached skill level 6 in Earth Magic
  9622 | D:9      | Reached skill level 7 in Earth Magic
  9734 | D:9      | Noticed Joseph
  9754 | D:9      | Killed Joseph
 10014 | D:9      | Reached skill level 8 in Earth Magic
 10399 | D:9      | Reached skill level 5 in Fighting
 10816 | D:9      | Found a staircase to the Orcish Mines.
 10973 | D:9      | You fall into a shaft and drop 1 floor!
 10973 | D:10     | Entered Level 10 of the Dungeon
 11540 | D:10     | Reached skill level 6 in Fighting
 11709 | D:10     | Noticed a two-headed ogre
 11765 | D:10     | Reached XP level 11. HP: 89/89 MP: 12/20
 12075 | D:10     | Killed a two-headed ogre
 12387 | D:11     | Identified 4 potions of resistance
 12693 | D:11     | Noticed a two-headed ogre
 12698 | D:11     | Killed a two-headed ogre
 12789 | D:11     | Reached skill level 9 in Conjurations
 12789 | D:11     | Reached skill level 9 in Earth Magic
 12864 | D:11     | Found a staircase to the Lair.
 13006 | D:11     | Noticed a deep elf pyromancer
 13420 | Lair:1   | Entered Level 1 of the Lair of Beasts
 14346 | Lair:1   | Reached skill level 10 in Earth Magic
 14603 | Lair:2   | Reached skill level 10 in Conjurations
 14982 | Lair:2   | Reached skill level 5 in Spellcasting
 15142 | Lair:2   | Reached skill level 3 in Evocations
 15327 | Lair:2   | Reached skill level 4 in Evocations
 15421 | Lair:2   | Noticed a five-headed hydra
 15422 | Lair:2   | Reached XP level 12. HP: 12/96 MP: 20/23
 15797 | Lair:2   | Killed a five-headed hydra
 16102 | Lair:2   | Found a staircase to the Shoals.
 16285 | Lair:2   | Noticed a five-headed hydra
 16289 | Lair:2   | Killed a five-headed hydra
 16525 | Lair:2   | Reached skill level 11 in Earth Magic
 16645 | Lair:2   | Found a hole to the Spider Nest.
 16653 | Lair:2   | Reached skill level 11 in Conjurations
 16654 | Lair:2   | Reached skill level 1 in Armour
 16657 | Lair:2   | Reached skill level 2 in Armour
 16829 | Lair:3   | Reached skill level 3 in Armour
 16917 | Lair:3   | Reached skill level 4 in Armour
 17144 | Lair:3   | Reached skill level 5 in Armour
 17172 | Lair:3   | Reached skill level 6 in Armour
 17341 | Lair:3   | Identified the +2 cloak of Hubris {Fly rC+}
 17377 | Lair:3   | Noticed Gastronok
 17417 | Lair:3   | Killed Gastronok
 17527 | Lair:3   | Reached skill level 7 in Armour
 17670 | Lair:3   | Noticed a four-headed hydra
 17674 | Lair:3   | Killed a four-headed hydra
 17679 | Lair:3   | Identified the +1 robe of the Swamp {Dex+3}
 17758 | Lair:3   | Reached XP level 13. HP: 93/102 MP: 21/24
 17761 | Lair:3   | Reached skill level 8 in Armour
 18361 | Lair:4   | Noticed Rupert
 18555 | Lair:4   | Reached skill level 9 in Armour
 18935 | Lair:4   | Found a staircase to the Slime Pits.
 19213 | Lair:5   | Entered Level 5 of the Lair of Beasts
 19271 | Lair:5   | Reached skill level 10 in Armour
 19487 | Lair:5   | Noticed Urug
 19555 | Lair:5   | Killed Urug
 19680 | Lair:5   | Noticed Snorg
 19691 | Lair:5   | Killed Snorg
 19692 | Lair:5   | Reached skill level 11 in Armour
 20532 | Lair:5   | Noticed a dire elephant
 20539 | Lair:5   | Killed a dire elephant
 20789 | Lair:5   | Killed from afar by a manticore

Vanquished Creatures
  Gastronok (Lair:3)
  A dire elephant (Lair:5)
  Snorg (Lair:5)
  A fire dragon (Lair:5)
  4 hydras
  4 catoblepae
  2 two-headed ogres
  5 death yaks
  A boulder beetle (Lair:5)
  Urug (Lair:5)
  2 skysharks
  A swamp dragon (Lair:5)
  A lindwurm (Lair:5)
  An orc knight (Bailey)
  A wolf spider (Lair:2)
  An ugly thing (D:10)
  A cyclops (D:11)
  5 elephants (Lair:3)
  A manticore (Lair:5)
  5 black mambas
  2 merfolk sirens (Lair:2)
  Joseph (D:9)
  A gargoyle (D:10)
  11 cane toads
  Maggie (D:6)
  6 rime drakes
  7 komodo dragons
  A troll (D:11)
  4 polar bears
  2 merfolk (Lair:2)
  A hornet (D:6)
  2 blink frogs (Lair:5)
  13 dream sheep
  Sigmund (D:6)
  A jumping spider (Lair:2)
  A shadow (D:11)
  5 wyverns
  A wraith (D:8)
  5 basilisks
  49 yaks
  2 redbacks (Lair:2)
  5 steam dragons
  Menkaure (D:6)
  4 acid dragons
  14 water moccasins
  Duvessa (D:6)
  13 orc warriors
  An ice beast (D:7)
  7 black bears
  A sky beast (D:6)
  3 centaurs
  7 wolves (Lair:2)
  2 ogres
  A phantom (D:6)
  7 kobold brigands
  2 gnoll sergeants
  16 bullfrogs
  2 scorpions
  Dowan (D:6)
  17 killer bees
  An electric eel (Lair:4)
  A howler monkey (D:9)
  2 hounds
  A jelly (D:6)
  A human zombie (Ossuary)
  12 orc priests
  4 sleepcaps
  Natasha (thrice) (D:2)
  10 iguanas
  19 orc wizards
  A hound zombie (Ossuary)
  4 mummies (Ossuary)
  16 gnolls
  3 adders
  A shadow imp (D:6)
  An ufetubus (D:6)
  3 dart slugs
  50 orcs
  9 ball pythons
  2 endoplasms
  5 giant cockroaches
  A gnoll zombie (Ossuary)
  13 goblins
  6 hobgoblins
  3 jackals (D:1)
  23 kobolds
  4 quokkas
  2 bats
  6 frilled lizards
  A goblin zombie (Ossuary)
  A hobgoblin zombie (Ossuary)
  2 jackal zombies (Ossuary)
  2 kobold zombies (Ossuary)
  2 orc zombies (Ossuary)
  7 rats
  A rat zombie (Ossuary)
  A spectral hobgoblin (D:8)
  A lurking horror (D:6)
487 creatures vanquished.

Vanquished Creatures (others)
  An orc wizard (D:9)
  A gnoll (D:9)
  24 fungi
  A lurking horror (D:6)
  31 plants
58 creatures vanquished.

Grand Total: 545 creatures vanquished

Table legend: (Time is in decaauts)
 A = Elapsed time spent in this place.
 B = Non-inter-level travel time spent in this place.
 C = Inter-level travel time spent in this place.
 D = Time resting spent in this place.
 E = Time spent auto-exploring this place.
 F = Levels seen in this place.
 G = Mean time per level.
                   A        B        C        D        E       F      G
               +--------+--------+--------+--------+--------+-----+--------+
         Total |  20849 |  20367 |    482 |   1763 |  14569 |  18 | 1158.3 |
       Dungeon |  12633 |  12231 |    402 |    657 |   9207 |  11 | 1148.5 |
          Lair |   7388 |   7308 |     80 |   1088 |   4956 |   5 | 1477.6 |
       Ossuary |    232 |    232 |      0 |      0 |      0 |   1 |  232.0 |
        Bailey |    595 |    595 |      0 |     18 |    406 |   1 |  595.0 |
               +--------+--------+--------+--------+--------+-----+--------+

Top non-repeatable levels by time:
  Lair:2: 2210 daAuts
     D:9: 1737 daAuts
     D:6: 1681 daAuts
  Lair:5: 1526 daAuts
  Lair:3: 1387 daAuts
     D:8: 1333 daAuts
    D:10: 1249 daAuts
  Lair:1: 1175 daAuts
     D:1: 1144 daAuts
  Lair:4: 1088 daAuts
    D:11: 1078 daAuts
     D:7: 1053 daAuts
     D:4: 1007 daAuts
     D:2: 995 daAuts
     D:3: 775 daAuts

Table legend:
 A = Non-vault XP
 B = Vault XP
 C = Vault XP percentage of total XP
 D = Non-vault monster count
 E = Vault monster count
 F = Vault count percentage of total count
                 A         B        C        D         E       F
            +---------+---------+-------+---------+---------+-------
      Total |   45246 |   28789 |  38.9 |     318 |     169 |  34.7
            +---------+---------+-------+---------+---------+-------
        D:1 |      40 |       0 |   0.0 |      22 |       0 |   0.0
        D:2 |     101 |      35 |  25.7 |      21 |       1 |   4.5
        D:3 |     113 |      10 |   8.1 |      13 |       6 |  31.6
        D:4 |      26 |      45 |  63.4 |       8 |       2 |  20.0
        D:5 |     239 |       0 |   0.0 |       7 |       0 |   0.0
        D:6 |    1274 |    1014 |  44.3 |      21 |       5 |  19.2
        D:7 |     932 |       0 |   0.0 |      13 |       0 |   0.0
        D:8 |    2575 |      11 |   0.4 |      29 |       6 |  17.1
        D:9 |    2554 |    1252 |  32.9 |      38 |      18 |  32.1
       D:10 |    2735 |     601 |  18.0 |      23 |      27 |  54.0
       D:11 |    2476 |       0 |   0.0 |      14 |       0 |   0.0
     Lair:1 |    3170 |     595 |  15.8 |      13 |       2 |  13.3
     Lair:2 |    3602 |    8052 |  69.1 |      19 |      26 |  57.8
     Lair:3 |   11627 |    1743 |  13.0 |      39 |       3 |   7.1
     Lair:4 |    5127 |    1578 |  23.5 |      15 |       8 |  34.8
     Lair:5 |    8655 |   12476 |  59.0 |      23 |      34 |  59.6
    Ossuary |       0 |     143 | 100.0 |       0 |      16 | 100.0
     Bailey |       0 |    1234 | 100.0 |       0 |      15 | 100.0
            +---------+---------+-------+---------+---------+-------
